 Dungeon Crawl Stone Soup version 0.13-a0-2910-g7a74111 (webtiles) character file.

195 PolkaDot the Ruinous (level 4, 0/28 HPs)
             Began as a Vampire Wizard on Sept 1, 2013.
             Succumbed to a worker ant's poison
             ... on Level 3 of the Dungeon.
             The game lasted 00:09:44 (2786 turns).

PolkaDot the Ruinous (Vampire Wizard)               Turns: 2786, Time: 00:09:44

HP   0/28        AC  2     Str 11      XL: 4   Next: 40%
MP   2/12        EV 12     Int 21      God:
Gold 100         SH  0     Dex 12      Spells:  3 memorised,  3 levels left

Res.Fire  : x . .   See Invis. : +   n - -2 dagger (curse)
Res.Cold  : + . .   Warding    : .   a - +0 robe
Life Prot.: . . .   Conserve   : .   (no shield)
Res.Poison: .       Res.Corr.  : .   b - +0 wizard hat
Res.Elec. : .       Clarity    : .   (no cloak)
Sust.Abil.: . .     Spirit.Shd : .   (no gloves)
Res.Mut.  : .       Stasis     : .   (no boots)
Res.Rott. : .       Flight     : .   (no amulet)
Saprovore : . . .                    (no ring)
                                     f - ring of ice

@: regenerating quickly, mighty, quite poisoned, slightly resistant to hostile
enchantments, stealthy
A: fangs 3, see invisible, unbreathing
a: no special abilities


You were on level 3 of the Dungeon.
You were full.

You visited 1 branch of the dungeon, and saw 3 of its levels.

You collected 80 gold pieces.

Inventory:

Hand weapons
 e - a +0,+0 short sword
 n - a cursed -2,-2 dagger (weapon)
Armour
 a - a +0 robe (worn)
 b - a +0 wizard hat (worn)
 i - a +0 dwarven buckler
Scrolls
 d - a scroll of curse armour {unknown}
 g - a scroll of curse weapon {unknown}
 h - 4 scrolls of identify {unknown}
 l - a scroll of blinking {unknown}
 m - a scroll of teleportation {unknown}
Jewellery
 f - a ring of ice (left hand)
Books
 c - a book of Minor Magic

   Spells                             Type                      Level
   *Magic Dart                        Conjuration                  1
   *Blink                             Translocation                2
   Call Imp                           Summoning                    2
   Repel Missiles                     Charms/Air                   2
   Slow                               Hexes                        2
   *Conjure Flame                     Conjuration/Fire             3
   Mephitic Cloud                     Conjuration/Poison/Air       3


   Skills:
 - Level 2.1 Dodging
 - Level 3.0 Stealth
 - Level 3.0 Spellcasting
 * Level 3.2 Conjurations
   Level 1.0 Summonings
 - Level 0.7 Translocations


You had 3 spell levels left.
You knew the following spells:

 Your Spells              Type           Power        Failure   Level  Hunger
a - Magic Dart            Conj           ###.         4%          1    None
s - Conjure Flame         Conj/Fire      #.......     24%         3    ###....
A - Blink                 Tloc           N/A          17%         2    ##.....


Dungeon Overview and Level Annotations

Branches:
Dungeon (3/27)

Altars:
Yredelemnul


Innate Abilities, Weirdness & Mutations

Your natural rate of healing is unusually fast.
You have razor-sharp teeth.*
You have supernaturally acute eyesight.
You can survive without breathing.*


Message History

You hit the worker ant.
The worker ant is heavily wounded.
The worker ant bites you!
You are more poisoned.
The worker ant poisons you! The worker ant barely misses you.
You barely miss the worker ant.
The worker ant is heavily wounded.
The worker ant bites you.
* * * LOW HITPOINT WARNING * * *
You closely miss the worker ant.
The worker ant is heavily wounded.
The worker ant closely misses you.
You hit the worker ant.
The worker ant is severely wounded.
* * * LOW HITPOINT WARNING * * *
You feel sick. The worker ant bites you.
* * * LOW HITPOINT WARNING * * *
You barely miss the worker ant.
The worker ant is severely wounded.
You die...

#............(.............#
#..........................#
#................###########
#................#
#...........########.
#._..................
###########..........
#........... #..@........
#.a......... #.........#
.)>..!.....+ ............#
............. ...........
##....... ###


You could see a worker ant.

Vanquished Creatures
  3 adders (D:2)
  A worm (D:1)
  2 oozes
  3 orcs (D:3)
  A ball python (D:2)
  6 giant cockroaches
  2 goblins
  8 hobgoblins
  4 jackals (D:1)
  9 bats
  2 giant newts (D:2)
  4 kobolds
  6 rats
51 creatures vanquished.

Notes
Turn   | Place    | Note
--------------------------------------------------------------
     0 | D:1      | PolkaDot, the Vampire Wizard, began the quest for the Orb.
     0 | D:1      | Reached XP level 1. HP: 11/11 MP: 6/6
   102 | D:1      | Reached skill level 1 in Conjurations
   376 | D:1      | Reached XP level 2. HP: 17/17 MP: 5/8
   518 | D:1      | Learned a level 2 spell: Blink
  1540 | D:1      | Reached XP level 3. HP: 22/22 MP: 0/10
  1626 | D:1      | Learned a level 3 spell: Conjure Flame
  2086 | D:2      | Reached XP level 4. HP: 15/28 MP: 3/12
  2752 | D:3      | Found a basalt altar of Yredelemnul.
  2785 | D:3      | HP: 1/28 [worker ant (2)]
  2786 | D:3      | Succumbed to a worker ant's poison

Action                   |  1- 3 |  4- 6 || total
-------------------------+-------+-------++-------
Melee: Unarmed           |    27 |       ||    27
       Short sword       |     1 |       ||     1
       Dagger            |       |     9 ||     9
 Cast: Magic Dart        |   126 |    45 ||   171
  Use: Potion            |     3 |     2 ||     5
